 Dungeon Crawl Stone Soup version 0.21-a0-521-g1cd18d1 (webtiles) character file.

196 Gerstahl the Chopper (level 5, -1/47 HPs)
             Began as a Draconian Gladiator on Dec 5, 2017.
             Killed from afar by an orc wizard (9 damage)
             ... with a magic dart
             ... on level 3 of the Dungeon.
             The game lasted 00:03:20 (1859 turns).

Gerstahl the Chopper (Draconian Gladiator)          Turns: 1859, Time: 00:03:21

Health: -1/47      AC:  5    Str: 22    XL:     5   Next: 45%
Magic:  6/6        EV: 13    Int:  8    God:
Gold:   58         SH:  0    Dex: 13    Spells: 4/4 levels left

rFire    . . .     SeeInvis .   a - +0 war axe
rCold    . . .     Gourm    .   (no shield)
rNeg     . . .     Faith    .   (armour unavailable)
rPois    .         Spirit   .   b - +0 hat
rElec    .         Reflect  .   (no cloak)
rCorr    .         Harm     .   (no gloves)
MR       .....                  (no boots)
Stlth    +.........             (no amulet)
HPRegen  0.15/turn              (no ring)
MPRegen  0.10/turn              (no ring)

@: mighty
A: unfitting armour, cold-blooded, AC +5
a: no special abilities


You were on level 3 of the Dungeon.
You were not hungry.

You visited 1 branch of the dungeon, and saw 3 of its levels.

You collected 58 gold pieces.

Inventory:

Hand Weapons
 a - a +0 war axe (weapon)
Missiles
 c - 3 throwing nets (quivered)
Armour
 b - a +0 hat (worn)
Jewellery
 r - a +2 ring of evasion {unknown}
 s - a cursed ring of teleportation {unknown}
Wands
 u - a wand of flame (28)
Scrolls
 e - a scroll of teleportation {unknown}
 g - 6 scrolls of identify {unknown}
 k - a scroll of magic mapping {unknown}
 l - 2 scrolls of amnesia {unknown}
 n - a scroll of blinking {unknown}
 o - a scroll of enchant weapon {unknown}
 v - a scroll of enchant armour {unknown}
 y - a scroll of fog {unknown}
Potions
 f - a potion of might
 j - a potion of heal wounds {unknown}
 m - a potion of haste {unknown}
 q - a potion of brilliance {unknown}
 t - a potion of flight {unknown}
 w - a potion of agility {unknown}
Books
 x - a book of Minor Magic

   Spells                             Type                      Level
   a - Magic Dart                     Conjuration                  1
   b - Blink                          Translocation                2
   c - Call Imp                       Summoning                    2
   d - Slow                           Hexes                        2
   e - Conjure Flame                  Conjuration/Fire             3
   f - Mephitic Cloud                 Conjuration/Poison/Air       3
Comestibles
 d - 3 bread rations
 h - 3 fruits
 p - a royal jelly


   Skills:
 + Level 4.4 Fighting
 + Level 4.6 Axes
 - Level 1.7 Throwing
 - Level 2.6 Dodging
 + Level 1.5 Evocations


You had 4 spell levels left.
You didn't know any spells.

Dungeon Overview and Level Annotations

Branches:
Dungeon (3/15)

Altars:


Innate Abilities, Weirdness & Mutations

Your plain brown scales are hard. (AC +5)
You cannot fit into any form of body armour.
You are cold-blooded and may be slowed by cold attacks.


Message History

You hear some strange, mumbled words.
A puff of flame appears from out of thin air!
The puff of flame hits you! Something hits you but does no damage.
You barely miss something. Something hits you but does no damage.
Something hits you.
* * * LOW HITPOINT WARNING * * *
Something hits you.
* * * LOW HITPOINT WARNING * * *
Something hits you.
* * * LOW HITPOINT WARNING * * *
You hear some strange, mumbled words.
A puff of flame appears from out of thin air!
The puff of flame hits you!
* * * LOW HITPOINT WARNING * * *
Something hits you but does no damage.
You feel very mighty all of a sudden.
You hear some strange, mumbled words.
A magic dart appears from out of thin air!
The magic dart hits you!
You die...

#.##### #.# #.
#.#### ... #.
##†..)## .#. #.
.#####...##o##
#.
.........###.##
#.
####.......##.#
.. #.......##.#
.. #.......##o#
.# #....@###.##
#.#..{##.##
#.###.o.## #.
#.%## ##.# #.#
#.# ... .#.


You could see an orc.

Vanquished Creatures
  A bullfrog zombie (D:2)
  An orc priest (D:3)
  An orc wizard (D:3)
  3 adders
  2 worms (D:2)
  A dart slug (D:1)
  2 leopard geckos
  6 orcs (D:3)
  10 bats
  5 giant cockroaches
  4 goblins
  9 hobgoblins
  5 kobolds
  A quokka (D:3)
  2 ball pythons (D:2)
  5 frilled lizards
  5 rats
63 creatures vanquished.

Notes
Turn   | Place    | Note
-------+----------+-------------------------------------------
     0 | D:1      | Gerstahl the Draconian Gladiator began the quest for the Orb.
     0 | D:1      | Reached XP level 1. HP: 17/17 MP: 1/1
   126 | D:1      | Reached XP level 2. HP: 25/25 MP: 2/2
   467 | D:2      | Found a faded altar of an unknown god.
   476 | D:2      | Reached XP level 3. HP: 26/31 MP: 3/3
   488 | D:2      | Reached XP level 4. HP: 32/40 MP: 4/4
  1146 | D:3      | Reached skill level 1 in Evocations
  1331 | D:3      | Reached XP level 5. HP: 36/46 MP: 5/5
  1859 | D:3      | Killed from afar by an orc wizard

Vault maps used:
D:1:      minmay_arrival_split_and_join
D:2:      chequers_ecumenical_altar_island
D:3:      first_bread

Skill      XL: |  1  2  3  4 |
---------------+-------------+-----
Fighting       | 3 4 |  4.4
Axes           | 4 |  4.6
Evocations     | 1 |  1.5
Throwing       | |  1.7
Dodging        | |  2.6

Action                   |  1- 3 |  4- 6 || total
-------------------------+-------+-------++-------
Melee: War axe           |    65 |   128 ||   193
       Tailslap          |    13 |    15 ||    28
  Use: Potion            |       |     3 ||     3
 Stab: Sleeping          |       |     2 ||     2
  Eat: Chunk             |       |     3 ||     3
Armor: Skin              |    17 |    58 ||    75
Dodge: Dodged            |    73 |    85 ||   158

Table legend:
 A = Spawn XP
 B = Non-spawn XP
 C = Spawn XP percentage of total XP
 D = Spawn monster count
 E = Non-spawn monster count
 F = Spawn count percentage of total count
 G = Total turns spent on level
                    A         B        C        D         E        F      G
               +---------+---------+-------+---------+---------+-------+---------
         Total |       0 |     280 |   0.0 |       0 |      63 |   0.0 |  1859
               +---------+---------+-------+---------+---------+-------+---------
           D:1 |       0 |      35 |   0.0 |       0 |      17 |   0.0 |   467
           D:2 |       0 |     104 |   0.0 |       0 |      26 |   0.0 |   663
           D:3 |       0 |     141 |   0.0 |       0 |      20 |   0.0 |   729
               +---------+---------+-------+---------+---------+-------+---------
